PBL
HOUSTON COLT .45'S @ AMARILLO THUNDERHEADS
06/13/2049
 
TOP OF THE 1ST
Houston Colt .45's batting - Pitching for Amarillo ThunderHeads : RHP Chris Marrone
Pitching: RHP Chris Marrone
Batting: RHB Ralph Baltimore 0-0: Foul Ball, location: 2F
0-1: Ball
1-1: Ball
2-1: Called Strike
2-2: Strikes out looking
Batting: RHB Jonathan Rausch 0-0: Called Strike
0-1: Called Strike
0-2: Fly out, F7 (Flyball, 7, EV 94.4 MPH)
Batting: RHB Luca Graves 0-0: Called Strike
0-1: Called Strike
0-2: SOLO HOME RUN (Flyball, 78XD, EV 105.6 MPH), Distance : 396 ft
Batting: LHB Vecdi Hodensack 0-0: Ball
1-0: Called Strike
1-1: Swinging Strike
1-2: SINGLE (Flyball, 6D, EV 91.2 MPH)
Batting: RHB Fernan Tedeschi 0-0: Called Strike
0-1: Swinging Strike
0-2: Ground out 4-3 (Groundball, 34, EV 86.2 MPH)
Top of the 1st over - 1 run, 2 hits, 0 errors, 1 left on base; Houston 1 - Amarillo 0
BOTTOM OF THE 1ST
Amarillo ThunderHeads batting - Pitching for Houston Colt .45's : RHP Kuaika Anakala
Pitching: RHP Kuaika Anakala
Batting: LHB Carlos Guajardo 0-0: Foul Ball, location: 2F
0-1: Ball
1-1: Ball
2-1: Foul Ball, location: 2F
2-2: Foul Ball, location: 2F
2-2: Foul Ball, location: 2F
2-2: Fly out, F7 (Line Drive, 78M, EV 89.4 MPH)
Batting: SHB Jose Ramirez 0-0: Foul Ball, location: 2F
0-1: Foul Ball, location: 2F
0-2: Ball
1-2: Ground out 4-3 (Groundball, 4, EV 82.5 MPH)
Batting: RHB Eric Camillo 0-0: Ball
1-0: Foul Ball, location: 2F
1-1: Swinging Strike
1-2: Ball
2-2: Ball
3-2: Foul Ball, location: 2F
3-2: Fly out, F7 (Flyball, 78S, EV 86.2 MPH)
Bottom of the 1st over - 0 runs, 0 hits, 0 errors, 0 left on base; Houston 1 - Amarillo 0
TOP OF THE 2ND
Houston Colt .45's batting - Pitching for Amarillo ThunderHeads : RHP Chris Marrone
Batting: RHB Devon Healy 0-0: Ball
1-0: Ball
2-0: Foul Ball, location: 2F
2-1: Called Strike
2-2: Strikes out swinging
Batting: RHB Doug Dark 0-0: Ball
1-0: Ball
2-0: Called Strike
2-1: Ground out 6-3 (Groundball, 6, EV 85.0 MPH)
Batting: RHB Jay Hussey 0-0: Called Strike
0-1: Foul Ball, location: 2F
0-2: Ball
1-2: SINGLE (Groundball, 56D, EV 103.8 MPH)
Batting: RHB Chris Jordan 0-0: Ball
1-0: Swinging Strike
1-1: Called Strike
1-2: Strikes out looking
Top of the 2nd over - 0 runs, 1 hit, 0 errors, 1 left on base; Houston 1 - Amarillo 0
BOTTOM OF THE 2ND
Amarillo ThunderHeads batting - Pitching for Houston Colt .45's : RHP Kuaika Anakala
Batting: LHB Thie Hofmann 0-0: Ball
1-0: Foul Ball, location: 2F
1-1: Called Strike
1-2: Strikes out swinging
Batting: RHB Shi-fu Cuan 0-0: Ball
1-0: SINGLE (Groundball, 6S, EV 66.2 MPH) (infield hit)
Batting: RHB Jorge Balderama 0-0: Called Strike
0-1: Ball
1-1: Called Strike
1-2: Strikes out swinging
Batting: LHB Bill Mahoney 0-0: Foul Ball, location: 2F
0-1: Called Strike
0-2: DOUBLE (Line Drive, 89D, EV 106.9 MPH)
Shi-fu Cuan to third
Runner from 3rd tries for Home, SAFE, no throw by CF
Batting: RHB Eddie Vanderjagt 0-0: Foul Ball, location: 2F
0-1: Called Strike
0-2: Ball
1-2: Ground out U3 (Groundball, 34S, EV 81.2 MPH)
Bottom of the 2nd over - 1 run, 2 hits, 0 errors, 1 left on base; Houston 1 - Amarillo 1
TOP OF THE 3RD
Houston Colt .45's batting - Pitching for Amarillo ThunderHeads : RHP Chris Marrone
Batting: RHB Ralph Baltimore 0-0: Ground out 6-3 (Groundball, 6, EV 106.9 MPH)
Batting: RHB Jonathan Rausch 0-0: Ball
1-0: Called Strike
1-1: Ball
2-1: Ball
3-1: Base on Balls
Batting: RHB Luca Graves 0-0: Called Strike
Jonathan Rausch is caught stealing 2nd base 2-4
0-1: Foul Ball, location: 2F
0-2: Ball
1-2: Ball
2-2: Foul Ball, location: 2F
2-2: Strikes out swinging
Top of the 3rd over - 0 runs, 0 hits, 0 errors, 0 left on base; Houston 1 - Amarillo 1
BOTTOM OF THE 3RD
Amarillo ThunderHeads batting - Pitching for Houston Colt .45's : RHP Kuaika Anakala
Batting: RHB Dennis Underwood 0-0: Reached on error, E6 (Groundball, 6, EV 91.2 MPH)
Batting: LHB Carlos Guajardo 0-0: Ball
1-0: Ball
2-0: Called Strike
2-1: Ball
3-1: Foul Ball, location: 2F
3-2: Foul Ball, location: 2F
3-2: Ground out 6-3 (Groundball, 6, EV 84.4 MPH)
Batting: SHB Jose Ramirez 0-0: Called Strike
0-1: Ball
1-1: Ball
Passed Ball!
Dennis Underwood to third
2-1: Foul Ball, location: 2F
2-2: Foul Ball, location: 2F
2-2: Ball
3-2: Base on Balls
Batting: RHB Eric Camillo 0-0: Ball
Jose Ramirez steals 2nd base (no throw)
1-0: Swinging Strike
1-1: Ball
2-1: Ground out 6-3 (Groundball, 6, EV 104.4 MPH)
Dennis Underwood scores
Batting: LHB Thie Hofmann 0-0: Called Strike
0-1: Called Strike
0-2: Strikes out swinging
Bottom of the 3rd over - 1 run, 0 hits, 1 error, 1 left on base; Houston 1 - Amarillo 2
TOP OF THE 4TH
Houston Colt .45's batting - Pitching for Amarillo ThunderHeads : RHP Chris Marrone
Batting: LHB Vecdi Hodensack 0-0: Ball
1-0: Called Strike
1-1: Swinging Strike
1-2: Ball
2-2: Foul Ball, location: 2F
2-2: Strikes out swinging
Batting: RHB Fernan Tedeschi 0-0: Ball
1-0: Ball
2-0: Foul Ball, location: 2F
2-1: Foul Ball, location: 2F
2-2: Foul Ball, location: 2F
2-2: Ground out 4-3 (Groundball, 34, EV 103.1 MPH)
Batting: RHB Devon Healy 0-0: Ball
1-0: Ball
2-0: Swinging Strike
2-1: Called Strike
2-2: Strikes out looking
Top of the 4th over - 0 runs, 0 hits, 0 errors, 0 left on base; Houston 1 - Amarillo 2
BOTTOM OF THE 4TH
Amarillo ThunderHeads batting - Pitching for Houston Colt .45's : RHP Kuaika Anakala
Batting: RHB Shi-fu Cuan 0-0: Swinging Strike
0-1: Ball
1-1: Ball
2-1: SOLO HOME RUN (Line Drive, 9LD, EV 95.0 MPH), Distance : 351 ft
Batting: RHB Jorge Balderama 0-0: Called Strike
0-1: Called Strike
0-2: Ball
1-2: Strikes out swinging
Batting: LHB Bill Mahoney 0-0: Called Strike
0-1: Called Strike
0-2: Ball
1-2: Ball
2-2: Strikes out swinging, 2-3 out at first.
Batting: RHB Eddie Vanderjagt 0-0: Ball
1-0: Swinging Strike
1-1: SINGLE (Line Drive, 89S, EV 100.6 MPH)
Batting: RHB Dennis Underwood 0-0: Called Strike
0-1: Fly out, F5 (Popup, 5F, EV 56.2 MPH)
Bottom of the 4th over - 1 run, 2 hits, 0 errors, 1 left on base; Houston 1 - Amarillo 3
TOP OF THE 5TH
Houston Colt .45's batting - Pitching for Amarillo ThunderHeads : RHP Chris Marrone
Batting: RHB Doug Dark 0-0: Called Strike
0-1: Ball
1-1: Foul Ball, location: 2F
1-2: Strikes out swinging
Batting: RHB Jay Hussey 0-0: Foul Ball, location: 2F
0-1: Swinging Strike
0-2: Ball
1-2: Ball
2-2: Strikes out swinging
Batting: RHB Chris Jordan 0-0: Called Strike
0-1: Swinging Strike
0-2: Foul Ball, location: 2F
0-2: Strikes out looking
Top of the 5th over - 0 runs, 0 hits, 0 errors, 0 left on base; Houston 1 - Amarillo 3
BOTTOM OF THE 5TH
Amarillo ThunderHeads batting - Pitching for Houston Colt .45's : RHP Kuaika Anakala
Batting: LHB Carlos Guajardo 0-0: Ball
1-0: Ball
2-0: Foul Ball, location: 2F
2-1: Called Strike
2-2: Ball
3-2: Ground out U3 (Groundball, 34, EV 88.8 MPH)
Pitching: RHP Sam Williams
Batting: SHB Jose Ramirez 0-0: Ball
1-0: Fly out, F7 (Flyball, 7D, EV 93.1 MPH)
Batting: RHB Eric Camillo 0-0: Ball
1-0: SOLO HOME RUN (Flyball, 78XD, EV 101.2 MPH), Distance : 400 ft
Batting: LHB Thie Hofmann 0-0: Ball
1-0: Foul Ball, location: 2F
1-1: Called Strike
1-2: Ball
2-2: Fly out, F8 (Flyball, 8RM, EV 85.0 MPH)
Bottom of the 5th over - 1 run, 1 hit, 0 errors, 0 left on base; Houston 1 - Amarillo 4
TOP OF THE 6TH
Houston Colt .45's batting - Pitching for Amarillo ThunderHeads : RHP Chris Marrone
Batting: RHB Ralph Baltimore 0-0: Ball
1-0: Ball
2-0: Called Strike
2-1: Fly out, F7 (Line Drive, 7S, EV 99.4 MPH)
Pitching: RHP John Gerdes
Batting: RHB Jonathan Rausch 0-0: Ball
1-0: Ball
2-0: Foul Ball, location: 2F
2-1: DOUBLE (Line Drive, 7LM, EV 113.1 MPH)
Batting: RHB Luca Graves 0-0: Called Strike
0-1: Ball
1-1: Swinging Strike
1-2: Strikes out swinging
Batting: LHB Vecdi Hodensack 0-0: Foul Ball, location: 2F
0-1: Foul Ball, location: 2F
0-2: Ground out U3 (Groundball, 3L, EV 101.2 MPH)
Top of the 6th over - 0 runs, 1 hit, 0 errors, 1 left on base; Houston 1 - Amarillo 4
BOTTOM OF THE 6TH
Amarillo ThunderHeads batting - Pitching for Houston Colt .45's : RHP Sam Williams
Batting: RHB Shi-fu Cuan 0-0: Ball
1-0: Swinging Strike
1-1: Foul Ball, location: 2F
1-2: Strikes out swinging
Batting: RHB Jorge Balderama 0-0: Called Strike
0-1: Swinging Strike
0-2: Foul Ball, location: 2F
0-2: Foul Ball, location: 2F
0-2: Foul Ball, location: 2F
0-2: Strikes out swinging
Pitching: RHP Jason LaPage
Batting: LHB Bill Mahoney 0-0: Ball
1-0: Fly out, F9 (Flyball, 9D, EV 90.0 MPH)
Bottom of the 6th over - 0 runs, 0 hits, 0 errors, 0 left on base; Houston 1 - Amarillo 4
TOP OF THE 7TH
Houston Colt .45's batting - Pitching for Amarillo ThunderHeads : RHP John Gerdes
Batting: RHB Fernan Tedeschi 0-0: Ball
1-0: Swinging Strike
1-1: Foul Ball, location: 2F
1-2: Ball
2-2: SINGLE (Line Drive, 8RS, EV 99.4 MPH)
Pinch Hitting: RHB Edward Chan 0-0: Ball
1-0: Foul Ball, location: 2F
1-1: Ball
2-1: Ball
3-1: Foul Ball, location: 2F
3-2: Foul Ball, location: 2F
3-2: Fly out, F7 (Flyball, 7D, EV 88.1 MPH)
Batting: RHB Doug Dark 0-0: Foul Ball, location: 2F
0-1: Ball
1-1: Called Strike
1-2: Strikes out looking
Batting: RHB Jay Hussey 0-0: Ball
1-0: Swinging Strike
1-1: Foul Ball, location: 2F
1-2: Foul Ball, location: 2F
1-2: Strikes out swinging
Top of the 7th over - 0 runs, 1 hit, 0 errors, 1 left on base; Houston 1 - Amarillo 4
BOTTOM OF THE 7TH
Amarillo ThunderHeads batting - Pitching for Houston Colt .45's : RHP Jason LaPage
Now in LF: Edward Chan
Batting: RHB Eddie Vanderjagt 0-0: Called Strike
0-1: Fly out, F8 (Line Drive, 8LM, EV 95.6 MPH)
Batting: RHB Dennis Underwood 0-0: Ball
1-0: Swinging Strike
1-1: Called Strike
1-2: Strikes out swinging
Batting: LHB Carlos Guajardo 0-0: Foul Ball, location: 2F
0-1: Foul Ball, location: 2F
0-2: Strikes out swinging
Bottom of the 7th over - 0 runs, 0 hits, 0 errors, 0 left on base; Houston 1 - Amarillo 4
TOP OF THE 8TH
Houston Colt .45's batting - Pitching for Amarillo ThunderHeads : RHP John Gerdes
Batting: RHB Chris Jordan 0-0: Called Strike
0-1: Ball
1-1: Swinging Strike
1-2: Strikes out swinging
Batting: RHB Ralph Baltimore 0-0: Swinging Strike
0-1: Ball
1-1: Foul Ball, location: 2F
1-2: SINGLE (Line Drive, 6M, EV 101.9 MPH)
Pitching: RHP Adam Montag
Batting: RHB Jonathan Rausch 0-0: Fly out, F9 (Flyball, 9, EV 86.2 MPH)
Batting: RHB Luca Graves 0-0: SINGLE (Line Drive, 3D, EV 103.8 MPH)
Ralph Baltimore to second
Batting: LHB Vecdi Hodensack 0-0: Called Strike
0-1: Foul Ball, location: 2F
0-2: Ground out 4-3 (Groundball, 4, EV 103.1 MPH)
Top of the 8th over - 0 runs, 2 hits, 0 errors, 2 left on base; Houston 1 - Amarillo 4
BOTTOM OF THE 8TH
Amarillo ThunderHeads batting - Pitching for Houston Colt .45's : RHP Jason LaPage
Batting: SHB Jose Ramirez 0-0: Ground out 6-3 (Groundball, 6, EV 82.5 MPH)
Batting: RHB Eric Camillo 0-0: Ball
1-0: Swinging Strike
1-1: DOUBLE (Flyball, 8LXD, EV 110.6 MPH)
Batting: LHB Thie Hofmann 0-0: Ball
1-0: Called Strike
1-1: Ball
2-1: Foul Ball, location: 2F
2-2: Ball
3-2: Base on Balls
Pitching: RHP Howard Hoult
Batting: RHB Shi-fu Cuan 0-0: Fielders Choice at 2nd, 1-6 (Groundball, 13S, EV 65.0 MPH)
Eric Camillo to third
Batting: RHB Jorge Balderama 0-0: SINGLE (Groundball, 6D, EV 95.0 MPH)
Eric Camillo scores
Shi-fu Cuan to second
Batting: LHB Bill Mahoney 0-0: Swinging Strike
0-1: Ball
1-1: Called Strike
1-2: Ball
2-2: Ball
3-2: Fly out, F9 (Flyball, 89S, EV 81.9 MPH)
Bottom of the 8th over - 1 run, 2 hits, 0 errors, 2 left on base; Houston 1 - Amarillo 5
TOP OF THE 9TH
Houston Colt .45's batting - Pitching for Amarillo ThunderHeads : RHP Adam Montag
Batting: RHB Fernan Tedeschi 0-0: Ball
1-0: Ball
2-0: Ball
3-0: Called Strike
3-1: Ground out 1-3 (Groundball, 34S, EV 65.0 MPH)
Batting: RHB Edward Chan 0-0: Called Strike
0-1: Foul Ball, location: 2F
0-2: Strikes out looking
Batting: RHB Doug Dark 0-0: Ball
1-0: Fly out, F7 (Line Drive, 7, EV 85.6 MPH)
Top of the 9th over - 0 runs, 0 hits, 0 errors, 0 left on base; Houston 1 - Amarillo 5
Sunday, July 16th , 2023 - OOTP Baseball 24.6 Build 69